 Dungeon Crawl Stone Soup version 0.31-a0-198-g2ad674f65e (webtiles) character file.

Game seed: 16413794832760507518

70253 Gargoyl the Severer (level 15, -16/97 HPs)
             Began as a Gargoyle Berserker on June 25, 2023.
             Was a High Priest of Trog.
             Demolished by an orc knight
             ... wielding a +2 war axe
              (21 damage)
             ... on level 1 of the Vaults.
             The game lasted 00:29:08 (19086 turns).

Gargoyl the Severer (Gargoyle Berserker)           Turns: 19086, Time: 00:29:10

Health: -16/97     AC: 36    Str: 22    XL:     15   Next: 32%
Magic:  15/15      EV: 17    Int:  8    God:    Trog [*****.]
Gold:   1061       SH: 12    Dex: 15    Spells: 14/14 levels left

rFire   + . .        p - +3 hand axe (flame)
rCold   x . .        z - +0 kite shield
rNeg    + . .        b - +2 fire dragon scales
rPois   ∞            E - +2 hat {Will+}
rElec   +            w - +0 cloak
rCorr   .            (no gloves)
SInv    .            l - +2 pair of boots
Will    ++++.        C - amulet of regeneration
Stlth   +            d - +5 ring of evasion
HPRegen 2.16/turn    e - +4 ring of protection
MPRegen 0.14/turn

%: no passive effects
@: strong-willed, on berserk cooldown, flying, regenerating, slowed, very slow
A: sickness immunity, AC +11, big wings, negative energy resistance 1,
electricity resistance, torment resistance 1, petrification resistance, heat
vulnerability 1, noise suppression
a: Renounce Religion, Berserk, Trog's Hand, Brothers in Arms


You were on level 1 of the Vaults.
You worshipped Trog.
Trog was extremely pleased with you.
You visited 3 branches of the dungeon, and saw 19 of its levels.
You also visited: Sewer.

You collected 1341 gold pieces.
You spent 280 gold pieces at shops.

Inventory:

Hand Weapons
 g - a +1 war axe of protection
 p - a +3 hand axe of flaming (weapon)
 s - a +2 flail of holy wrath
 H - a +0 long sword of electrocution
Missiles
 k - 28 poisoned darts (quivered)
 B - 2 throwing nets
Armour
 b - +2 fire dragon scales (worn)
 l - a +2 pair of boots (worn)
 n - a +0 chain mail
 w - a +0 cloak (worn)
 z - a +0 kite shield (worn)
 E - a +2 hat of willpower (worn)
Jewellery
 d - a +5 ring of evasion (left hand)
 e - a +4 ring of protection (right hand)
 i - a +6 ring of dexterity
 y - a ring of resist corrosion
 C - an amulet of regeneration (around neck)
 D - a ring of ice
Wands
 r - a wand of mindburst (7)
 v - a wand of charming (29)
 x - a wand of digging (18)
 A - a wand of flame (27)
 I - a wand of polymorph (5)
 M - a wand of iceblast (16)
Scrolls
 f - 6 scrolls of poison
 m - 2 scrolls of blinking
 t - 5 scrolls of teleportation
 F - 2 scrolls of identify
 K - 2 scrolls of fog
 O - a scroll of revelation
Potions
 a - a potion of invisibility
 c - 3 potions of cancellation
 h - 5 potions of might
 j - 8 potions of curing
 o - a potion of enlightenment
 u - a potion of ambrosia
 G - 2 potions of brilliance
 J - 12 potions of degeneration
 L - a potion of magic
 N - a potion of berserk rage
 P - a potion of lignification {unknown}


   Skills:
 + Level 12.6 Fighting
 + Level 1.6 Long Blades
 + Level 15.6 Axes
 + Level 0.9 Throwing
 + Level 10.9 Armour
 + Level 7.9 Dodging
 + Level 3.2 Stealth
 + Level 12.7 Shields


You had 14 spell levels left.
You didn't know any spells.
Your spell library was empty.

Dungeon Overview and Level Annotations

Branches:
Dungeon (13/15)            Temple (0/1) D:5            Lair (5/5) D:8
  Swamp (0/4) Lair:2       Spider (0/4) Lair:3        Slime (0/5) Lair:5
    Orc (0/2) D:9          Vaults (1/5) D:13          Sewer (visited)

Altars:
Ashenzari
Cheibriados
Dithmenos
Elyvilon
Kikubaaqudgha
Nemelex Xobeh
Trog
Uskayaw
Xom
Yredelemnul
The Shining One
Jiyva

Shops:
D:7 [*:=   D:13 =

Portals:
Trove: D:12 (lose all piety)

Annotations:
D:7 2 transporters, niknal's ghost, novice FoFi


Innate Abilities, Weirdness & Mutations

You are immune to sickness and miasma.
Your stone body is resilient. (AC +11)
You are immune to poison.
Your large and strong wings let you fly.
You resist negative energy. (rN+)
You are resistant to electric shocks. (rElec)
You are resistant to unholy torment.
You are immune to petrification.
You are vulnerable to heat. (rF-)
You passively dampen the noise of your surroundings.


Message History

The orc knight hits you with a +2 war axe.
The yaktaur shoots a bolt.
The bolt hits you!
The orc knight hits you with a +0 great mace!
* * * LOW HITPOINT WARNING * * *
The orc warlord closely misses you.
You hit the orc warlord but do no damage.
The orc warlord is almost dead.
You hit the orc knight but do no damage. x2
The orc knight roars a battlecry!
The orc warlord goes into a battle-frenzy!
You block the orc knight's attack.
The orc warlord hits you with a +0 long sword!
* * * LOW HITPOINT WARNING * * *
The orc warlord blocks your attack.
The orc warlord is almost dead.
You hit the yaktaur. You burn the yaktaur.
You hit the orc knight but do no damage.
You closely miss the orc knight.
The yaktaur unwields a +0 arbalest.
The yaktaur hits you.
* * * LOW HITPOINT WARNING * * *
The orc knight hits you with a +2 war axe!
* * * LOW HITPOINT WARNING * * *
The orc knight hits you but does no damage.
You block the orc warlord's attack. The orc warlord blocks your attack.
The orc warlord is severely wounded.
You hit the orc knight. You burn the orc knight. You hit the yaktaur.
You burn the yaktaur.
You hit the orc knight but do no damage.
The yaktaur hits you but does no damage.
You block the orc knight's attack. The orc knight misses you.
The orc warlord closely misses you.
Okay, then.
The orc warlord blocks your attack.
The orc warlord is severely wounded.
You hit the yaktaur. You burn the yaktaur. You hit the orc knight.
You burn the orc knight.
You hit the orc knight but do no damage.
The orc knight hits you with a +2 war axe!!
You die...

#.))......#
#..)......#
#.........#
#.........#
#.........#
#.........#
##########++#####
.......oo.........
.......o@.........
.......)c.........
..................
..................
#####'#########+##
#.... #.... #....
#..


You could see an orc warlord (strong), 2 orc knights and a yaktaur.

Vanquished Creatures
  A vault warden (Vaults:1)
  An ironbound preserver (Vaults:1)
  The ghost of kush the Fighter, a journeyman VSRe of Wu Jian (Lair:4)
  Snorg (D:11)
  A fire dragon (Lair:5)
  An ironbound frostheart (Vaults:1)
  3 hydras
  Erolcha (D:11)
  2 centaur warriors (D:13)
  A catoblepas (Lair:5)
  4 two-headed ogres
  A boulder beetle (Lair:3)
  2 tengu warriors (D:13)
  Urug (Lair:4)
  A skeletal warrior (D:13)
  A glowing orange brain (Lair:2)
  An ironbound convoker (Vaults:1)
  4 deep elf pyromancers (D:13)
  A deep elf archer (D:13)
  3 orc knights
  An ugly thing (D:11)
  A manticore (D:12)
  5 cyclopes
  9 elephants
  A vault sentinel (Vaults:1)
  13 cane toads
  2 molten gargoyles (Lair:5)
  2 torpor snails (Lair:4)
  3 black mambas
  A gargoyle (D:12)
  4 centaur skeletons (D:13)
  An efreet (D:13)
  An unseen horror (D:11)
  2 kobold demonologists
  20 komodo dragons
  5 yaktaurs
  An unseen horror zombie (D:8)
  3 rime drakes
  2 polar bears
  2 trolls
  15 blink frogs
  4 dream sheep (Lair:5)
  2 culicivoras (Lair:3)
  13 slime creatures
  A shadow (D:11)
  3 wraiths (D:11)
  3 jumping spiders (Lair:3)
  2 vampires (D:12)
  40 yaks
  4 basilisks
  10 wyverns
  4 steam dragons
  Menkaure (D:7)
  4 vampire mosquitoes (Lair:2)
  Edmund (D:6)
  2 acid dragons
  6 water moccasins
  2 hell hounds (Lair:5)
  A swamp drake (D:9)
  A sky beast (D:8)
  9 orc warriors
  2 ice beasts
  A black bear (D:5)
  4 centaurs
  4 wolves
  A kobold brigand (D:9)
  16 bullfrogs
  2 gnoll sergeants
  3 necrophages (D:8)
  A wyvern zombie (D:8)
  A scorpion (D:5)
  11 wights
  5 killer bees (D:9)
  4 howler monkeys
  2 electric eels (Lair:2)
  2 centaur zombies (D:8)
  A human zombie (D:8)
  4 lava snakes (Lair:5)
  5 hounds
  2 jellies
  A gnoll bouda (D:7)
  9 orc priests
  6 iguanas
  4 sleepcaps
  5 hell rats (Lair:5)
  12 orc wizards
  2 killer bee zombies (D:8)
  A howler monkey zombie (D:8)
  24 gnolls
  9 adders
  A river rat (D:3)
  2 white imps
  2 ufetubi (D:5)
  3 worms
  2 dart slugs
  71 orcs
  3 endoplasms
  11 giant cockroaches
  7 goblins
  9 hobgoblins
  17 jackals
  13 kobolds
  10 quokkas
  8 ball pythons
  4 bats
  12 frilled lizards
  9 rats
567 creatures vanquished.

Vanquished Creatures (collateral kills)
  Gastronok (Lair:2)
  A vault warden (Vaults:1)
  The ghost of niknal the Carver, a journeyman TeFi of Kikubaaqudgha (Lair:2)
  A boulder beetle (Lair:2)
  A fire crab (Lair:5)
  An ironbound convoker (Vaults:1)
  A slime creature (Lair:2)
  A molten gargoyle (Lair:5)
  A yaktaur (Vaults:1)
  A komodo dragon (Lair:2)
  2 jumping spiders (Lair:3)
  2 yaks (Lair:2)
  A wyvern (Lair:5)
  A water moccasin (Lair:2)
  2 hell hounds (Lair:5)
  A lava snake (Lair:5)
  A jelly (Lair:2)
20 creatures vanquished.

Vanquished Creatures (others)
  A yaktaur (D:13)
  An orc (D:5)
  A goblin (D:8)
3 creatures vanquished.

Grand Total: 590 creatures vanquished

Notes
Turn   | Place    | Note
-------+----------+-------------------------------------------
     0 | D:1      | Gargoyl the Gargoyle Berserker began the quest for the Orb.
     0 | D:1      | Reached XP level 1. HP: 14/14 MP: 1/1
   157 | D:1      | Reached XP level 2. HP: 19/19 MP: 2/2
   170 | D:1      | Reached skill level 3 in Axes
   361 | D:1      | Found a faded altar of an unknown god.
  1134 | D:2      | Reached XP level 3. HP: 24/24 MP: 3/3
  1791 | D:3      | Reached ** piety under Trog
  1800 | D:3      | Found a glowing drain.
  1811 | Sewer    | Entered a sewer
  1831 | Sewer    | Reached XP level 4. HP: 29/29 MP: 4/4
  1901 | Sewer    | Reached skill level 4 in Axes
  1975 | Sewer    | Reached XP level 5. HP: 33/33 MP: 5/5
  2103 | Sewer    | Reached skill level 1 in Stealth
  2110 | Sewer    | Reached XP level 6. HP: 32/38 MP: 6/6
  2384 | D:3      | Reached *** piety under Trog
  2388 | D:3      | Reached skill level 5 in Axes
  3075 | D:4      | Reached XP level 7. HP: 43/43 MP: 7/7
  3136 | D:4      | Found a sparkling altar of Nemelex Xobeh.
  3172 | D:4      | Found a shadowy altar of Dithmenos.
  3223 | D:4      | Noticed a +0 short sword
  3223 | D:4      | Noticed a +0 dagger
  3223 | D:4      | Noticed a +0 falchion
  3224 | D:4      | Noticed a +0 spear
  3224 | D:4      | Noticed a +0 dagger
  3224 | D:4      | Noticed a +0 spear
  3224 | D:4      | Noticed a +0 falchion
  3225 | D:4      | Noticed a +0 short sword
  3249 | D:4      | Found a hide-covered altar of Uskayaw.
  3645 | D:5      | Entered Level 5 of the Dungeon
  3645 | D:5      | Found a staircase to the Ecumenical Temple.
  3660 | D:5      | Reached skill level 6 in Axes
  3706 | D:5      | Found a white marble altar of Elyvilon.
  3721 | D:5      | Found a broken altar of Ashenzari.
  3999 | D:5      | Noticed a steam dragon
  4013 | D:5      | Killed a steam dragon
  4028 | D:5      | Reached XP level 8. HP: 45/48 MP: 8/8
  4239 | D:5      | Reached skill level 7 in Axes
  4450 | D:5      | Reached skill level 5 in Fighting
  5080 | D:6      | Noticed Edmund
  5098 | D:6      | Killed Edmund
  5407 | D:6      | Reached skill level 8 in Axes
  5512 | D:7      | Found Zadaek's Jewellery Shop.
  5521 | D:7      | Found Fev Igobud's Book Shop.
  5540 | D:7      | Reached XP level 9. HP: 55/55 MP: 9/9
  5543 | D:7      | Reached **** piety under Trog
  5748 | D:7      | Reached skill level 9 in Axes
  5799 | D:7      | Noticed Menkaure
  5810 | D:7      | Killed Menkaure
  5842 | D:7      | Found a transporter.
  5842 | D:7      | Noticed niknal's ghost (novice FoFi)
  6057 | D:7      | Found Zuplis's Armour Shop.
  6065 | D:7      | Bought a +0 kite shield for 63 gold pieces
  6267 | D:7      | Found a transporter.
  6307 | D:7      | Found Cuylerghe's General Store.
  6312 | D:7      | Bought a scroll of enchant weapon for 105 gold pieces
  6328 | D:7      | Bought a potion of mutation for 112 gold pieces
  6328 | D:7      | Gained mutation: You are vulnerable to heat. (rF-) [potion
                  | of mutation]
  6328 | D:7      | Gained mutation: Your large and strong wings let you fly.
                  | [potion of mutation]
  6328 | D:7      | Gained mutation: You passively dampen the noise of your
                  | surroundings. [potion of mutation]
  6504 | D:8      | Reached skill level 1 in Shields
  6535 | D:8      | Found an ancient bone altar of Kikubaaqudgha.
  6734 | D:8      | Reached skill level 10 in Axes
  6734 | D:8      | Reached skill level 5 in Armour
  6774 | D:8      | Reached XP level 10. HP: 61/61 MP: 10/10
  6831 | D:8      | Found a staircase to the Lair.
  6954 | D:8      | Noticed a cyclops
  6968 | D:8      | Killed a cyclops
  7006 | D:8      | Reached ***** piety under Trog
  7307 | D:8      | You are sucked into a shaft and drop 3 floors!
  7316 | D:10     | Entered Level 10 of the Dungeon
  7363 | D:9      | Noticed a two-headed ogre
  7371 | D:9      | Killed a two-headed ogre
  7372 | D:9      | Reached skill level 11 in Axes
  7386 | D:9      | Noticed a kobold demonologist
  7400 | D:9      | Killed a kobold demonologist
  7868 | D:8      | Noticed a two-headed ogre
  7875 | D:8      | Killed a two-headed ogre
  7933 | D:8      | Found a bloodstained altar of Trog.
  8056 | Lair:1   | Entered Level 1 of the Lair of Beasts
  8063 | Lair:1   | Noticed a cane toad
  8071 | Lair:1   | Killed a cane toad
  8072 | Lair:1   | Reached XP level 11. HP: 68/68 MP: 11/11
  8123 | Lair:1   | Reached skill level 5 in Dodging
  8123 | Lair:1   | Reached skill level 5 in Shields
  8513 | Lair:1   | Reached skill level 12 in Axes
  9237 | Lair:1   | Reached XP level 12. HP: 76/76 MP: 12/12
  9529 | Lair:2   | Reached skill level 13 in Axes
  9824 | Lair:2   | Noticed a boulder beetle
  9840 | Lair:2   | Killed a boulder beetle
  9936 | Lair:2   | Found a runed translucent gate.
  9937 | Lair:2   | Found a runed translucent gate.
  9938 | Lair:2   | Found a runed translucent gate.
  9941 | Lair:2   | Found a viscous altar of Jiyva.
  9941 | Lair:2   | Noticed niknal's ghost (journeyman TeFi)
  9978 | Lair:2   | Found a staircase to the Swamp.
  9980 | Lair:2   | Noticed Gastronok
 10013 | Lair:2   | Killed Gastronok
 10726 | Lair:2   | Noticed a six-headed hydra
 10732 | Lair:2   | Reached skill level 14 in Axes
 10747 | Lair:2   | Killed niknal's ghost
 10760 | Lair:2   | Identified the +6 scimitar of the Pit {freeze, rElec rF-
                  | rN+}
 10786 | Lair:3   | Reached XP level 13. HP: 82/82 MP: 13/13
 10803 | Lair:3   | Reached skill level 10 in Fighting
 11050 | Lair:3   | Reached skill level 1 in Long Blades
 11142 | Lair:3   | Found a hole to the Spider Nest.
 11852 | Lair:4   | Found a transporter.
 11854 | Lair:4   | Noticed kush's ghost (journeyman VSRe)
 11861 | Lair:4   | Found a transporter.
 11879 | Lair:4   | Killed kush's ghost
 12376 | Lair:4   | Noticed Urug
 12395 | Lair:4   | Killed Urug
 12728 | Lair:5   | Entered Level 5 of the Lair of Beasts
 12976 | Lair:5   | Found a large runed translucent door.
 12976 | Lair:5   | Found a large runed translucent door.
 12977 | Lair:5   | Noticed a fire dragon
 13057 | Lair:5   | Reached skill level 10 in Shields
 13193 | Lair:5   | Mutation became permanent: Your large and strong wings let
                  | you fly. [Gargoyle growth]
 13193 | Lair:5   | Gained mutation: Your large and strong wings let you fly.
                  | [Gargoyle growth]
 13193 | Lair:5   | Reached XP level 14. HP: 86/90 MP: 14/14
 13322 | Lair:5   | Found a staircase to the Slime Pits.
 13322 | Lair:5   | Found a viscous altar of Jiyva.
 13539 | Lair:5   | Reached skill level 10 in Armour
 13998 | Lair:5   | Reached skill level 15 in Axes
 14273 | D:9      | Found a basalt altar of Yredelemnul.
 14275 | D:9      | Noticed a profane servitor
 14284 | D:9      | Found a glowing golden altar of the Shining One.
 14351 | D:9      | Found a staircase to the Orcish Mines.
 14616 | D:9      | Found a shimmering altar of Xom.
 14914 | D:9      | Noticed an angel
 15061 | D:10     | Found a snail-covered altar of Cheibriados.
 15397 | D:11     | Noticed Snorg
 15406 | D:11     | Killed Snorg
 15749 | D:11     | Noticed Erolcha
 15765 | D:11     | Killed Erolcha
 17158 | D:12     | Found a portal to a secret trove of treasure.
 18400 | D:13     | Reached XP level 15. HP: 88/97 MP: 15/15
 18601 | D:13     | Found a gate to the Vaults.
 18702 | D:13     | Found Kidwutirawn's Jewellery Boutique.
 18869 | Vaults:1 | Entered Level 1 of the Vaults
 18976 | Vaults:1 | Noticed a vault warden
 18988 | Vaults:1 | Killed a vault warden
 19051 | Vaults:1 | Noticed a vault warden
 19053 | Vaults:1 | Noticed an orc warlord
 19063 | Vaults:1 | Killed a vault warden
 19084 | Vaults:1 | HP: 1/97 [orc knight/+2 war axe (7)]
 19086 | Vaults:1 | Demolished by an orc knight

Illustrated notes

Levels and vault maps discovered:
D:1:      dpeg_arrival_court, layout_basic,
          hellmonk_ecumenical_altar_inner_sanctum
D:2:      layout_basic, mrwooster_statue_mirror
D:3:      layout_rooms, portal_sewer_entry_e, grunt_ministairs_1
D:4:      layout_loops_corners, mainiacjoe_overflow_boulevard,
          mainiacjoe_overflow_concentric_impassable, nicolae_uskayaw_en_pointe,
          serial_bayou_pond_a
D:5:      layout_layer_cave, mainiacjoe_overflow_alcove_1,
          nicolae_ashenzari_skybound, temple_pool_b
D:6:      layout_basic, uniq_edmund
D:7:      layout_loops_ring, serial_shops, nicolae_shop_advertising_works
          [nicolae_subvault_shop_adworks], nicolae_shop_tiny_glass,
          nicolae_shop_rolling_square, shop, gammafunk_ghost_arena,
          uniq_menkaure
D:8:      layout_loops_ring, lemuel_mausoleum_altar_kikubaaqudgha,
          trog_hazing_becter, david_lair_shrubbed, special_room
          [special_room_orc], serial_aquarium, aquarium_bridge_square
          [aquarium_subvault_bridge, aquarium_subvault_window,
          aquarium_subvault_wall, aquarium_subvault_bridge],
          aquarium_bridge_straight [aquarium_subvault_bridge,
          aquarium_subvault_window, aquarium_subvault_bridge,
          aquarium_subvault_wall], aquarium_window_1, aquarium_window_1,
          aquarium_view_2a, aquarium_view_2e, kennysheep_pointless_box,
          minivault_11
D:9:      layout_irregular_city, grunt_temple_overflow_holy_war,
          kennysheep_mini_moat, erik_orc_1
D:10:     layout_rooms, mainiacjoe_overflow_tiny_flanked
D:11:     layout_layer_cave, lightli_corner_chamber, uniq_erolcha, uniq_snorg
D:12:     layout_stronghold, enter_trove_2, small_statue_alley_a,
          nicolae_two_hexagons
D:13:     layout_roguey, hangedman_vaults_entry_quadrant_bands, serial_shops,
          shop
Lair:1:   layout_gridlike, st_stairs_12, serial_bayou_shore_b
Lair:2:   layout_layer_cave, minmay_swamp_entry_swarm, gauntlet_entry_generic,
          gammafunk_ghost_ooze, minmay_holes, beast_lair_carwin_5,
          serial_bayou_shore_a, uniq_gastronok
Lair:3:   layout_cave_pods, nicolae_spider_entry_tight_spaces,
          chequers_serial_rivers_micro_c
Lair:4:   layout_regular_city, gammafunk_ghost_arena, uniq_urug
Lair:5:   cheibrodos_lair_end_hotspot, layout_regular_city, slime_entry_1,
          chequers_serial_rivers_large_a, nicolae_lair_grazing_beasts
          [nicolae_sub_lair_graze_edge, nicolae_sub_lair_graze_edge,
          nicolae_sub_lair_graze_edge, nicolae_sub_lair_graze_edge]
Vaults:1: ontoclasm_vaults_eye, nicolae_vaults_offset_grid_hallway_4,
          vaults_mumra_chevron_long, vaults_standard_mumra_x,
          nicolae_vaults_closet_pinwheel_4, ontoclasm_vaults_pinch,
          nicolae_vaults_circle_grid_a, ontoclasm_vaults_shuriken,
          nicolae_vaults_storage_room_glass, nicolae_vaults_mini_display_case,
          nicolae_vaults_surprise_closet_hard, nicolae_vaults_house_3,
          grunt_vaults_funnel, nicolae_vaults_taking_the_gang_shopping,
          layout_vaults_ring

Skill      XL: |  1  2  3  4  5  6  7  8  9 10 11 12 13 14 15 |
---------------+----------------------------------------------+-----
Axes           | 3 4 5 6 8 10 11 12 14 15 | 15.6
Dodging        | 2 3 4 5 6 7 |  7.9
Fighting       | 4 5 6 7 9 11 12 | 12.6
Stealth        | 1 2 3 |  3.2
Armour         | 3 4 5 7 8 9 10 | 10.9
Shields        | 2 4 6 7 10 11 12 | 12.7
Long Blades    | 1 |  1.6
Throwing       | |  0.9

Action                     |  1- 3 |  4- 6 |  7- 9 | 10-12 | 13-15 || total
---------------------------+-------+-------+-------+-------+-------++-------
  Melee: Hand axe          |    62 |       |       |       |  1204 ||  1266
         Punch             |     1 |     1 |     9 |       |       ||    11
         War axe           |    75 |   192 |   422 |   510 |       ||  1199
         Scimitar          |       |       |       |     7 |    14 ||    21
  Throw: Dart              |       |       |       |       |     4 ||     4
 Invoke: Berserk           |     1 |     2 |     3 |    13 |    14 ||    33
         Trog's Hand       |       |       |     2 |     6 |     9 ||    17
         Brothers in Arms  |       |       |       |     4 |     3 ||     7
  Evoke: Wand              |       |       |     1 |       |       ||     1
    Use: Scroll            |     2 |     3 |     7 |     7 |     8 ||    27
         Potion            |       |       |     5 |     1 |     5 ||    11
   Stab: Sleeping          |       |     1 |       |       |       ||     1
         Distracted        |       |       |       |       |     1 ||     1
         Confused          |       |       |       |       |     1 ||     1
 Armour: Animal skin       |    68 |    38 |       |       |       ||   106
         Fire dragon scale |       |    66 |   239 |   267 |   480 ||  1052
         Chain mail        |       |     4 |       |       |       ||     4
  Dodge: Dodged            |   136 |   272 |   392 |   420 |   604 ||  1824
  Block: Kite shield       |       |       |    50 |   321 |   626 ||   997

Table legend: (Time is in decaauts)
 A = Elapsed time spent in this place.
 B = Non-inter-level travel time spent in this place.
 C = Inter-level travel time spent in this place.
 D = Time resting spent in this place.
 E = Time spent auto-exploring this place.
 F = Levels seen in this place.
 G = Mean time per level.
                   A        B        C        D        E       F      G
               +--------+--------+--------+--------+--------+-----+--------+
         Total |  19194 |  18384 |    810 |    466 |  12821 |  20 |  959.7 |
       Dungeon |  12542 |  11967 |    575 |      9 |   8942 |  13 |  964.8 |
          Lair |   6026 |   5792 |    234 |    404 |   3709 |   5 | 1205.2 |
        Vaults |    200 |    200 |      0 |     52 |     62 |   1 |  200.0 |
         Sewer |    426 |    426 |      0 |      0 |    107 |   1 |  426.0 |
               +--------+--------+--------+--------+--------+-----+--------+

Top non-repeatable levels by time:
  Lair:1: 1512 daAuts
     D:8: 1509 daAuts
    D:11: 1389 daAuts
  Lair:2: 1306 daAuts
  Lair:5: 1280 daAuts
     D:5: 1261 daAuts
     D:4: 1036 daAuts
    D:13: 1021 daAuts
    D:12: 1007 daAuts
  Lair:3: 1001 daAuts
     D:7: 986 daAuts
     D:9: 933 daAuts
  Lair:4: 926 daAuts
     D:1: 914 daAuts
     D:2: 789 daAuts
